 Dungeon Crawl Stone Soup version 0.30-a0-743-gbfdf073431 (webtiles) character file.

Game seed: 10116325531964632055

62221 Iich the Executioner (level 14, -18/143 HPs)
             Began as a Minotaur Fighter on Feb 6, 2023.
             Was an Initiate of Gozag.
             Demolished by a catoblepas (22 damage)
             ... on level 4 of the Lair of Beasts.
             The game lasted 00:31:45 (22560 turns).

Iich the Executioner (Minotaur Fighter)            Turns: 22560, Time: 00:31:46

Health: -18/143    AC: 16    Str: 19    XL:     14   Next: 63%
Magic:  13/13      EV:  8    Int:  5    God:    Gozag
Gold:   288        SH:  7    Dex: 25    Spells: 13/13 levels left

rFire   . . .      SeeInvis .    j - +3 broad axe (freeze)
rCold   + + +      Faith    .    c - +1 buckler
rNeg    . . .      Spirit   .    Q - +3 ice dragon scales "Koapsydu" {rPois rF- rC++ Dex+6}
rPois   +          Reflect  .    (helmet restricted)
rElec   .          Harm     .    h - +2 cloak
rCorr   +          Rampage  .    (no gloves)
Will    +....                    (no boots)
Stlth   +                        Z - amulet of the acrobat
HPRegen 0.43/turn                k - ring of protection from fire
MPRegen 0.13/turn                M - ring "Abepiy" {rC+ rCorr Str-3 Dex+5 Stlth+}

@: gold aura
A: horns 2, retaliatory headbutt
a: Renounce Religion, Potion Petition, Call Merchant, Bribe Branch


You were on level 4 of the Lair of Beasts.
You worshipped Gozag.
Gozag was aware of your devotion.
You visited 3 branches of the dungeon, and saw 18 of its levels.
You visited the Abyss 1 time.
You also visited: Bailey.

You collected 4931 gold pieces.
You spent 90 gold pieces at shops.
You paid 4553 gold pieces to Gozag.

Inventory:

Hand Weapons
 a - a +0 war axe
 j - a +3 broad axe of freezing (weapon)
Missiles
 l - 5 curare-tipped darts
 s - 2 throwing nets (quivered)
Armour
 c - a +1 buckler (worn)
 h - a +2 cloak (worn)
 o - a +2 scale mail of poison resistance
 J - a +0 plate armour
 Q - the +3 ice dragon scales "Koapsydu" (worn) {rPois rF- rC++ Dex+6}
   (You found it on level 10 of the Dungeon)

   Dex:       It affects your dexterity (+6).
   rF:        It makes you vulnerable to fire.
   rC:        It greatly protects you from cold.
   rPois:     It protects you from poison.
Jewellery
 k - a ring of protection from fire (left hand)
 m - a ring of positive energy
 p - a ring of magical power
 v - a ring of magical power
 x - a ring of see invisible
 M - the ring "Abepiy" (right hand) {rC+ rCorr Str-3 Dex+5 Stlth+}
   (You found it on level 11 of the Dungeon)

   [ring of resist corrosion]

   Str:       It affects your strength (-3).
   Dex:       It affects your dexterity (+5).
   rC:        It protects you from cold.
   rCorr:     It protects you from acid and corrosion.
   Stlth:     It makes you more stealthy.
 Z - an amulet of the acrobat (around neck)
Wands
 b - a wand of light (3)
 n - a wand of polymorph (11)
 t - a wand of iceblast (34)
 O - a wand of flame (19)
 W - a wand of digging (4)
Scrolls
 u - a scroll of butterflies
 w - 3 scrolls of poison
 B - a scroll of vulnerability
 D - 2 scrolls of silence
 H - 4 scrolls of fog
 I - a scroll of magic mapping
 L - a scroll of enchant armour
 N - a scroll of immolation
 S - a scroll of noise
 U - a scroll of torment
 X - 2 scrolls of amnesia
 Y - 2 scrolls of identify
Potions
 d - 2 potions of might
 e - 7 potions of haste
 f - 4 potions of ambrosia
 g - 4 potions of curing
 i - 6 potions of brilliance
 r - 4 potions of magic
 z - a potion of mutation
 E - 2 potions of lignification
 F - a potion of attraction
 G - a potion of cancellation
 K - a potion of invisibility
 P - 2 potions of resistance
 R - a potion of flight
 T - a potion of degeneration
Miscellaneous
 A - a phantom mirror


   Skills:
 + Level 18.1 Fighting
 * Level 24.3 Axes
 - Level 3.6 Armour
 - Level 3.6 Shields


You had 13 spell levels left.
You didn't know any spells.
Your spell library contained the following spells:

 Spells                   Type           Power      Damage    Failure   Level
 Beastly Appendage        Tmut           0%         N/A       95%         1
 Sandblast                Erth           0%         2d4       95%         1
 Cigotuvi's Dreadful Rot  Necr/Pois/Air  0%         N/A       98%         2
 Passwall                 Tmut/Erth      0%         N/A       98%         2
 Wereblood                Tmut           0%         N/A       98%         2
 Gell's Gravitas          Tloc           0%         N/A       100%        3
 Ignite Poison            Fire/Tmut/Pois 0%         N/A       100%        3
 Kindle Blastsparks       Fire/Tloc/Air  0%         2d10      100%        3
 Spider Form              Tmut/Pois      0%         N/A       100%        3
 Stone Arrow              Conj/Erth      0%         3d7       100%        3
 Teleport Other           Tloc           0%         N/A       100%        3
 Dispel Undead            Necr           0%         3d6       100%        4
 Leda's Liquefaction      Hex/Erth       0%         N/A       100%        4
 Freezing Cloud           Conj/Ice/Air   0%         6-21      100%        5
 Lee's Rapid Deconstruct  Erth           0%         3d4*      100%        5
 Death Channel            Necr           0%         N/A       100%        6
 Dispersal                Tloc           0%         N/A       100%        6
 Statue Form              Tmut/Erth      0%         N/A       100%        6


Dungeon Overview and Level Annotations

Branches:
Dungeon (12/15)            Temple (1/1) D:5            Lair (5/5) D:9
  Swamp (0/4) Lair:3        Snake (0/4) Lair:2          Orc (0/2) D:11
 Bailey (visited)
  Slime: Lair:4-5

Altars:
Ashenzari
Dithmenos
Elyvilon
Gozag
Kikubaaqudgha
Okawaru
Qazlal
Ru
Sif Muna
Trog
Uskayaw
Vehumet
Wu Jian
Xom
Yredelemnul
Zin
Jiyva

Shops:
D:5 *

Annotations:
Lair:3 exclusion: 3 oklob plants
Lair:5 Nessos


Innate Abilities, Weirdness & Mutations

You have a pair of horns on your head.
You reflexively headbutt those who attack you in melee.


Message History

The catoblepas gores you!!
* * * LOW HITPOINT WARNING * * *
The yak is engulfed in calcifying dust.
The catoblepas breathes a plume of calcifying dust at you.
The blast of calcifying dust hits you but does no damage.
The blast of calcifying dust hits the yak.
The yak is engulfed in calcifying dust.
You turn to flesh and can move again.
There is a stone staircase leading down, spattered with blood here.
Unknown command.
Unknown command.
Unknown command.
Unknown command.
The catoblepas attacks as you move away!
The catoblepas gores you!!
* * * LOW HITPOINT WARNING * * *
The helpless yak fails to defend itself.
You chop the yak into pieces!!! You freeze the yak!
The yak is almost dead.
You hit the catoblepas. You freeze the catoblepas.
The helpless yak fails to defend itself.
You slice the yak!! You freeze the yak.
The helpless yak fails to defend itself.
You slice the yak!! You freeze the yak.
You kill the yak!
You slash the catoblepas! You freeze the catoblepas.
The helpless yak fails to defend itself.
You hit the yak. You freeze the yak.
The catoblepas gores you but does no damage.
You slash the catoblepas! You freeze the catoblepas.
The catoblepas is moderately wounded.
The helpless yak fails to defend itself.
You slice the yak!! You freeze the yak. The catoblepas gores you!
* * * LOW HITPOINT WARNING * * *
The helpless yak fails to defend itself.
You slice the yak!! You freeze the yak.
You kill the yak!
You hit the catoblepas. You freeze the catoblepas. The catoblepas gores you!!
You die...
Your body crumbles into a pile of gold.

......P...........P..####.##.....
....................## ####.###.
..................#.# ####..
##.#+....P..........# ##...
##..####.####..##.## #..(# #
##..# ### ##.##..# ###.###
####.P## #.#..###### #.#'###
....P..#### #Y$...#.#.###.....#
.......P#.#####$@........##.<...#
#......##.P..#.§.................
#......'(.PP..#.....##....#.....#
.......##.#P........###.#.......+
##PP.##########.....# #####.....#
##### #.....## ####... #......#
#.## #P.##### ### ###.#


You could see a catoblepas.

Vanquished Creatures
  2 tentacled starspawn (Abyss:1)
  Fannar (D:11)
  A hydra (Lair:3)
  2 vault guards (Bailey)
  Erolcha (D:11)
  2 centaur warriors
  4 two-headed ogres
  6 death yaks
  A boulder beetle (Lair:1)
  3 thrashing horrors (Abyss:1)
  Sonja (Lair:5)
  5 skeletal warriors (D:9)
  Pikel (D:6)
  A will-o-the-wisp (Lair:3)
  A worldbinder (Abyss:1)
  A spectral centaur (D:10)
  A cyclops (D:11)
  A manticore (D:11)
  3 slime creatures (D:11)
  18 elephants
  An orange demon (Abyss:1)
  A centaur zombie (D:10)
  A torpor snail (Lair:2)
  4 black mambas
  6 cane toads
  2 smoke demons (Abyss:1)
  3 centaur skeletons (D:10)
  A gargoyle (D:11)
  3 rime drakes
  8 komodo dragons
  2 queen bees
  3 trolls
  4 hellwings (Abyss:1)
  Prince Ribbit (D:7)
  6 hornets (Lair:4)
  9 blink frogs
  A large abomination (Abyss:1)
  A raiju (Abyss:1)
  4 dream sheep (Lair:4)
  A vampire (D:11)
  2 shadows
  2 water elementals (D:11)
  4 humans (Bailey)
  A wraith (D:11)
  3 wyverns
  31 yaks
  4 basilisks
  A fire bat (Abyss:1)
  3 steam dragons
  3 vampire mosquitoes
  3 wargs (D:9)
  Menkaure (D:7)
  2 nagas (Lair:2)
  11 water moccasins
  6 orc warriors
  3 sky beasts
  6 black bears
  An ice beast (D:5)
  4 ogres
  7 wolves
  10 centaurs
  2 small abominations (Abyss:1)
  A phantom (D:4)
  3 kobold brigands (D:11)
  19 bullfrogs
  4 gnoll sergeants (D:11)
  4 scorpions
  22 wights
  61 killer bees
  7 electric eels (D:11)
  2 howler monkeys
  10 orc priests
  2 hounds
  6 jellies
  An iron imp (Abyss:1)
  2 iguanas
  14 orc wizards
  14 hell rats
  6 gnolls
  9 adders
  A river rat (Lair:3)
  A white imp (D:6)
  An ufetubus (D:6)
  8 dart slugs
  50 orcs
  3 bats
  8 endoplasms
  2 giant cockroaches
  9 goblins
  6 hobgoblins
  4 quokkas
  7 ball pythons
  3 frilled lizards (D:2)
  6 kobolds
  5 rats
  A starspawn tentacle (Abyss:1)
530 creatures vanquished.

Vanquished Creatures (collateral kills)
  A hydra (Lair:3)
1 creature vanquished.

Vanquished Creatures (others)
  A yak (Lair:5)
  10 foxfires (Lair:3)
  12 fungi
  A lurking horror (Abyss:1)
  17 plants
  6 starspawn tentacles (Abyss:1)
47 creatures vanquished.

Grand Total: 578 creatures vanquished

Notes
Turn   | Place    | Note
-------+----------+-------------------------------------------
     0 | D:1      | Iich the Minotaur Fighter began the quest for the Orb.
     0 | D:1      | Reached XP level 1. HP: 19/19 MP: 0/0
   104 | D:1      | Reached skill level 3 in Axes
   104 | D:1      | Reached XP level 2. HP: 27/27 MP: 1/1
   715 | D:2      | Reached XP level 3. HP: 17/33 MP: 2/2
   891 | D:2      | Reached skill level 4 in Axes
  1236 | D:2      | Found a faded altar of an unknown god.
  1834 | D:3      | Identified a scroll of acquirement
  1836 | D:3      | Acquired a +3 broad axe of freezing
  2081 | D:3      | Reached XP level 4. HP: 41/41 MP: 3/3
  2342 | D:3      | Reached skill level 5 in Axes
  2449 | D:3      | Reached XP level 5. HP: 44/47 MP: 4/4
  2578 | D:4      | Reached skill level 5 in Fighting
  2703 | D:4      | Noticed a phantom
  2709 | D:4      | Killed a phantom
  2710 | D:4      | Reached skill level 6 in Axes
  2726 | D:4      | Reached XP level 6. HP: 56/56 MP: 5/5
  3524 | D:5      | Entered Level 5 of the Dungeon
  3540 | D:5      | Reached skill level 7 in Axes
  3546 | D:5      | Found a staircase to the Ecumenical Temple.
  3558 | Temple   | Entered the Ecumenical Temple
  3626 | Temple   | Became a worshipper of Gozag Ym Sagoz the Greedy
  3822 | D:5      | Noticed an ice beast
  3825 | D:5      | Killed an ice beast
  3826 | D:5      | Reached XP level 7. HP: 64/64 MP: 6/6
  3865 | D:5      | Reached skill level 8 in Axes
  4107 | D:5      | Found Anussih's Serpentskin Sales.
  4121 | D:5      | Bought 5 curare-tipped darts for 90 gold pieces
  4224 | D:5      | Reached skill level 9 in Axes
  4419 | D:6      | Reached XP level 8. HP: 73/73 MP: 7/7
  4569 | D:6      | Reached skill level 10 in Axes
  4779 | D:6      | Found a basalt altar of Yredelemnul.
  4781 | D:6      | Found a stormy altar of Qazlal.
  4781 | D:6      | Found a sacrificial altar of Ru.
  4781 | D:6      | Found an ornate altar of the Wu Jian Council.
  4887 | D:6      | Noticed Pikel
  4896 | D:6      | Killed Pikel
  4897 | D:6      | Reached skill level 11 in Axes
  5026 | D:6      | Reached XP level 9. HP: 77/83 MP: 8/8
  5260 | D:7      | Reached skill level 12 in Axes
  5571 | D:7      | Found a flagged portal.
  5602 | Bailey   | Entered a bailey
  5699 | Bailey   | Reached skill level 13 in Axes
  5700 | Bailey   | Reached skill level 10 in Fighting
  5745 | Bailey   | Noticed a vault guard
  5755 | Bailey   | Killed a vault guard
  5762 | Bailey   | Reached skill level 14 in Axes
  5841 | Bailey   | Noticed a vault guard
  5844 | Bailey   | Reached XP level 10. HP: 94/94 MP: 9/9
  5848 | Bailey   | Killed a vault guard
  6082 | D:7      | Noticed Prince Ribbit
  6087 | D:7      | Killed Prince Ribbit
  6161 | D:7      | Reached skill level 15 in Axes
  6252 | D:7      | Noticed Menkaure
  6257 | D:7      | Killed Menkaure
  6933 | D:8      | Noticed a two-headed ogre
  6938 | D:8      | Killed a two-headed ogre
  7014 | D:8      | Reached skill level 16 in Axes
  7104 | D:8      | Found a glowing silver altar of Zin.
  7289 | D:8      | Found a shimmering blue altar of Sif Muna.
  7537 | D:9      | Reached XP level 11. HP: 97/104 MP: 10/10
  7721 | D:9      | Noticed a skeletal warrior
  7722 | D:9      | Noticed a skeletal warrior
  7723 | D:9      | Noticed a skeletal warrior
  7724 | D:9      | Noticed a skeletal warrior
  7749 | D:9      | Killed a skeletal warrior
  7752 | D:9      | Killed a skeletal warrior
  7759 | D:9      | HP: 2/157 [skeletal warrior/+0 scimitar (20)]
  7760 | D:9      | Killed a skeletal warrior
  7761 | D:9      | Reached skill level 17 in Axes
  8139 | D:9      | Found Wicaxur's Distillery.
  8172 | D:9      | Noticed a two-headed ogre
  8179 | D:9      | Found a staircase to the Lair.
  8191 | D:9      | Killed a two-headed ogre
  8469 | D:9      | Identified the +4 dagger of Conformity {heavy, Dex+4
                  | Stlth+}
  8607 | D:9      | Noticed a skeletal warrior
  8618 | D:9      | Killed a skeletal warrior
  8619 | D:9      | Reached skill level 18 in Axes
  8840 | D:9      | Killed a skeletal warrior
  9080 | D:8      | Found a radiant altar of Vehumet.
  9080 | D:8      | Found a shadowy altar of Dithmenos.
  9122 | D:10     | Entered Level 10 of the Dungeon
  9461 | D:10     | Reached XP level 12. HP: 99/116 MP: 11/11
  9486 | D:10     | Identified the +3 ice dragon scales "Koapsydu" {rPois rF-
                  | rC++ Dex+6}
 10118 | D:11     | Noticed a centaur warrior
 10121 | D:11     | Noticed a two-headed ogre
 10429 | D:10     | Reached skill level 19 in Axes
 10429 | D:10     | Killed a centaur warrior
 10588 | D:10     | Killed a two-headed ogre
 11277 | D:11     | Noticed a centaur warrior
 11292 | D:11     | Killed a centaur warrior
 12153 | D:11     | Reached skill level 20 in Axes
 12327 | D:11     | Noticed Fannar
 12359 | D:11     | Killed Fannar
 12360 | D:11     | Reached skill level 15 in Fighting
 12477 | D:11     | Noticed a two-headed ogre
 12485 | D:11     | Killed a two-headed ogre
 12874 | D:11     | Noticed Erolcha
 12875 | Abyss:1  | Cast into level 1 of the Abyss (Erolcha)
 12881 | Abyss:1  | Noticed a tentacled starspawn
 12923 | Abyss:1  | Killed a tentacled starspawn
 12927 | Abyss:1  | Paralysed by an apocalypse crab for 4 turns
 12934 | Abyss:1  | Noticed a tentacled starspawn
 13674 | Abyss:1  | Reached XP level 13. HP: 103/127 MP: 12/12
 13700 | Abyss:1  | Reached skill level 21 in Axes
 13816 | Abyss:1  | Noticed a tentacled starspawn
 13820 | Abyss:1  | Killed a tentacled starspawn
 13824 | D:11     | Escaped the Abyss
 13827 | D:11     | Found a viscous altar of Jiyva.
 13835 | D:11     | Killed Erolcha
 14175 | D:11     | Identified the ring "Abepiy" {rC+ rCorr Str-3 Dex+5 Stlth+}
 14212 | D:11     | Found a staircase to the Orcish Mines.
 14826 | Lair:1   | Entered Level 1 of the Lair of Beasts
 16205 | Lair:2   | Reached skill level 22 in Axes
 17083 | Lair:2   | Found a staircase to the Snake Pit.
 17647 | Lair:3   | Reached XP level 14. HP: 83/140 MP: 13/13
 17924 | Lair:3   | Reached skill level 23 in Axes
 18108 | Lair:3   | Found a staircase to the Swamp.
 18339 | Lair:3   | HP: 4/140 [four-headed hydra (12)]
 19976 | Lair:4   | Found the +4 robe of Folly {Brill Will-∞ Int+8}
 20998 | Lair:5   | Entered Level 5 of the Lair of Beasts
 21000 | Lair:5   | Noticed Sonja
 21001 | Lair:5   | Noticed Nessos
 21402 | Lair:4   | Reached skill level 24 in Axes
 21718 | Lair:5   | Killed Sonja
 22559 | Lair:4   | HP: 4/143 [catoblepas (11)]
 22560 | Lair:4   | Demolished by a catoblepas

Illustrated notes

Levels and vault maps discovered:
D:1:      shiori_arrival_oz, layout_loops_ring
D:2:      layout_basic, dreamdust_ecumenical_altar_angels_and_demons
D:3:      layout_loops_cross, nicolae_hexahallways
D:4:      layout_basic
D:5:      layout_basic, minmay_temple_entry_junction_2, kennysheep_diamond,
          guppyfry_shop_venom
D:6:      layout_loops_ring, chequers_temple_overflow_statue_of_worship,
          amethyst_killhole, kennysheep_generic_room_9, uniq_pikel
D:7:      layout_basic, enter_bailey_5, uniq_prince_ribbit1, uniq_menkaure
D:8:      layout_loops_ring, nicolae_overflow_hidden_temple
D:9:      layout_roguey, erik_lair_orcish_takeover, serial_shops, shop
D:10:     layout_loops_ring, minivault_21, hangedman_weighted_door,
          nicolae_titane
D:11:     layout_basic, kennysheep_orc_monster_closet_entryway,
          amcnicky_mini_corridor_feature, grunt_ministairs_1, jiyva_altar_1,
          uniq_fannar, uniq_erolcha
D:12:     layout_loops_ring, minmay_misc_feat_alley
Temple:   dpeg_chambers_temple
Lair:1:   layout_roguey, infiniplex_staircase_pool
Lair:2:   layout_small_grid, guppyfry_snake_entry_garden, special_room
          [special_room_bee]
Lair:3:   hangedman_what_comes_after_a, layout_chaotic_city,
          minmay_swamp_entry_wisps, chequers_serial_rivers_large_a
Lair:4:   layout_roguey, dreamdust_deal_with_the_devil, dreamdust_wasp_nest,
          lemuel_fruit_fields, grunt_megastairs_2
Lair:5:   minmay_lair_end_frog_pond, layout_regular_city,
          minmay_slime_entry_oklob_open, uniq_sonja, uniq_nessos, uniq_snorg

Skill      XL: |  1  2  3  4  5  6  7  8  9 10 11 12 13 14 |
---------------+-------------------------------------------+-----
Axes           | 3 4 5 6 7 9 11 14 16 18 20 22 24 | 24.3
Fighting       | 4 5 6 7 9 10 12 13 15 17 18 | 18.1
Armour         | |  3.6
Shields        | |  3.6

Action                     |  1- 3 |  4- 6 |  7- 9 | 10-12 | 13-15 || total
---------------------------+-------+-------+-------+-------+-------++-------
  Melee: War axe           |    87 |       |       |       |       ||    87
         Headbutt          |    17 |    10 |    28 |   108 |   147 ||   310
         Broad axe         |     6 |    79 |   132 |   490 |   557 ||  1264
 Invoke: Potion Petition   |       |       |       |     1 |    10 ||    11
  Evoke: Wand              |       |       |     1 |       |     1 ||     2
         Phantom mirror    |       |       |       |       |     1 ||     1
    Use: Potion            |     3 |     1 |       |     5 |     8 ||    17
         Scroll            |     3 |     2 |     7 |    12 |    13 ||    37
   Stab: Distracted        |       |       |     1 |     4 |    12 ||    17
         Petrified         |       |       |       |       |     6 ||     6
         Sleeping          |       |       |       |       |     1 ||     1
 Armour: Scale mail        |    38 |    48 |    57 |    90 |       ||   233
         Ice dragon scales |       |       |       |   119 |   294 ||   413
  Dodge: Dodged            |    33 |    42 |    45 |   151 |   199 ||   470
  Block: Buckler           |    19 |    13 |    34 |   133 |   232 ||   431

Table legend: (Time is in decaauts)
 A = Elapsed time spent in this place.
 B = Non-inter-level travel time spent in this place.
 C = Inter-level travel time spent in this place.
 D = Time resting spent in this place.
 E = Time spent auto-exploring this place.
 F = Levels seen in this place.
 G = Mean time per level.
                   A        B        C        D        E       F      G
               +--------+--------+--------+--------+--------+-----+--------+
         Total |  22462 |  21904 |    558 |   4865 |  13326 |  20 | 1123.1 |
       Dungeon |  13340 |  12917 |    423 |   1871 |   8862 |  12 | 1111.7 |
        Temple |    107 |     82 |     25 |      0 |     70 |   1 |  107.0 |
          Lair |   7636 |   7527 |    109 |   2587 |   3907 |   5 | 1527.2 |
         Abyss |    937 |    937 |      0 |    406 |    240 |   1 |  937.0 |
        Bailey |    440 |    440 |      0 |      0 |    247 |   1 |  440.0 |
               +--------+--------+--------+--------+--------+-----+--------+

Top non-repeatable levels by time:
    D:11: 2748 daAuts
  Lair:4: 2647 daAuts
  Lair:2: 2304 daAuts
    D:10: 1961 daAuts
  Lair:3: 1856 daAuts
     D:9: 1560 daAuts
     D:7: 1074 daAuts
     D:2: 983 daAuts
     D:4: 963 daAuts
 Abyss:1: 937 daAuts
     D:3: 915 daAuts
     D:6: 873 daAuts
     D:8: 780 daAuts
  Lair:1: 778 daAuts
     D:5: 771 daAuts
